Unix NetHack Version 5.0.0-0 post-release - last build May 10 2026 23:12:36 (d1fa5d53e341ca933230fdaa984d921c805b60aa,branch:main).

Game began 2026-05-14 19:41:06, ended 2026-05-14 20:23:11.

Eymerich, chaotic male elven Priest

          ----------                 -----                        ----------
          |........|                 |((.|                        |........|
          |........|                 |...|     ---------------    |........|
          |........|                 |.<..##0  |.............|    |........|
         #.........|                #....|     |.............|    |........|
         #|........|             ####-.-#-     |.............|  ##.........|
         #----.-----          ####    # #      |.............|  # --.-------
         ##   ##              #       #####    |.............|  #   #
          ##   #              #           #    -----.--.------  #   ##
           #   ##o#           #           #         #  ####     #    %
           #    --@---------- #           #         #     ##    #    ####
           #    |...{.......| #           ##     ####      ###  #   ----|-
           #    |...........| #            #     #         --.--#   |.(..|
 ----------#    |............##            #### ##         |...|#   |[(+)|
 |........|#    |...........|         --------.-.-         |.{.|#   |[.[+|
 |...{...>|#    -------------         |...>......|         |....#   ------
 |........|#                          |..........|         -----
 |........-#                          |.......{..|
 ----------                           ------------

Eymerich the Acolyte         St:14 Dx:8 Co:14 In:12 Wi:16 Ch:12  Chaotic
Dlvl:3  $:283 HP:0(36) Pw:71(71) AC:0  Xp:5 T:3300  Burdened

Latest messages:
 You rebalance your load.  Movement is difficult.
 Where do you want to travel to?
 (For instructions type a '?')
 You hear the splashing of a naiad.
 You miss the lichen.
 The lichen touches you!
 You hit the lichen.
 You miss the lichen.
 You miss the lichen.
 The lichen misses!
 You miss the lichen.
 You miss the lichen.
 You hear someone cursing shoplifters.
 What do you want to drop? [$b-ko-qs-ux-zA-HJKM-OQ-SUVX-Z or ?*]
 You drop a locked chest containing 4 items.
 Your movements are only slowed slightly by your load.
 You miss the lichen.
 You feel more confident in your weapon skills.
 You kill the lichen!
 You have trouble lifting a locked chest containing 4 items.  Continue? [ynq] (q)
 You have trouble lifting z - a locked chest containing 4 items.
 You rebalance your load.  Movement is difficult.
 Where do you want to travel to?
 (For instructions type a '?')
 The hobgoblin wields a blessed curved sword!
 What do you want to drop? [$b-ko-qs-ux-zA-HJKM-OQ-SUVX-Z or ?*]
 You drop a locked chest containing 4 items.
 Your movements are only slowed slightly by your load.
 You miss the hobgoblin.
 The hobgoblin swings her curved sword.
 The hobgoblin hits!
 The hobgoblin swings her curved sword.
 The hobgoblin hits!
 You miss the hobgoblin.
 The hobgoblin swings her curved sword.
 The hobgoblin misses!
 You miss the hobgoblin.
 The hobgoblin swings her curved sword.
 The hobgoblin just misses!
 You miss the hobgoblin.
 The hobgoblin swings her curved sword.
 The hobgoblin hits!
 The hobgoblin swings her curved sword.
 The hobgoblin hits!
 What do you want to zap? [kAB or ?*]
 In what direction?
 The hobgoblin swings her curved sword.
 The hobgoblin hits!
 You die...
 Do you want your possessions identified? [ynq] (y)

Inventory:
 Coins    ('$')
  $ - 283 gold pieces
 Weapons  (')')
  g - a +0 arrow
  h - 11 +0 crossbow bolts
  j - a +0 crossbow
  Q - 10 +1 darts
  y - 13 +0 darts
  N - 5 +0 daggers (at the ready)
  R - a +0 elven dagger
  t - a +0 aklys (tethered to right hand)
 Armor    ('[')
  Y - a +1 dwarvish iron helm (being worn)
  s - a +0 cloak of protection
  V - a blessed +1 dwarvish cloak (being worn)
  b - a +0 robe
  i - a +0 dwarvish mithril-coat (being worn)
 Comestibles  ('%')
  e - a clove of garlic
  p - a cram ration
  x - a cream pie
  G - a food ration
  H - a food ration
  D - a pear
  f - a sprig of wolfsbane
 Scrolls  ('?')
  S - 2 scrolls of enchant armor
  E - a cursed scroll of enchant weapon
  F - a scroll of teleportation named teleportation
 Potions  ('!')
  C - a potion of extra healing
  d - 2 potions of holy water
 Wands    ('/')
  k - a wand of cancellation (0:5)
  B - a wand of digging (0:5)
  A - a wand of light (0:14)
 Tools    ('(')
  K - an empty sack
  o - a lock pick
  X - a +0 pick-axe
  J - a skeleton key
  M - a towel
 Gems/Stones  ('*')
  O - an agate stone named soft
  U - 2 worthless pieces of blue glass
  q - 2 worthless pieces of orange glass named soft
  u - 4 worthless pieces of red glass named soft
  Z - a worthless piece of violet glass
  c - 9 rocks

Eymerich the Priest's attributes:

Background:
 You were an Acolyte, a level 5 elven Priest.
 You were chaotic, nominally on a mission for Kos
 who was opposed by Issek (lawful) and Mog (neutral).
 You were right-handed.
 You were in the Dungeons of Doom, on level 3.
 You entered the dungeon 3300 turns ago.
 You had 285 experience points, 35 more were needed to attain level 6.

Basics:
 You had 0 out of 36 hit points.
 You had all 71 energy points (spell power).
 Your armor class was 0.
 Your wallet contained 283 zorkmids.
 Autopickup was off.

Final Characteristics:
 Your strength was 14 (limit:18).
 Your dexterity was 8 (limit:18).
 Your constitution was 14 (limit:16).
 Your intelligence was 12 (limit:20).
 Your wisdom was 16 (limit:20).
 Your charisma was 12 (limit:18).

Final Status:
 You weren't hungry.
 You were burdened; movement was slightly slowed.
 You were wielding a club.
 You were unskilled in club and could have enhanced that.

Final Attributes:
 You were piously aligned.
 Your items were somewhat protected from fire.
 Your items were somewhat protected from cold.
 You were sleep resistant.
 You had infravision.
 You were guarded.
 Your spell casting was impaired by metallic armor.
 You are dead.

Miscellaneous:
 You didn't encounter any bones levels.
 Total elapsed playing time was 42 minutes and 4 seconds.

Major events:
 Turn
    1: Eymerich the chaotic elven Priest entered the dungeon
  749: attained the rank of Acolyte (level 3)
 1581: entered the Gnomish Mines
 3300: killed by a hobgoblin

Spells:
 Name                 Level Category     Fail Retention
 light                  1   clerical      96%   81%-90%
 remove curse           3   clerical      59%   81%-90%
 healing                1   healing       79%  76%-100%

Skills:
 Fighting Skills
   bare handed combat [Unskilled]
 Weapon Skills
   club               [Unskilled]
   mace               [Skilled]
   morning star       [Unskilled]
   flail              [Unskilled]
   hammer             [Unskilled]
   quarterstaff       [Unskilled]
   polearms           [Unskilled]
   spear              [Unskilled]
   trident            [Unskilled]
   lance              [Unskilled]
   bow                [Unskilled]
   sling              [Unskilled]
   crossbow           [Unskilled]
   dart               [Unskilled]
   shuriken           [Unskilled]
   boomerang          [Unskilled]
   unicorn horn       [Unskilled]
 Spellcasting Skills
   healing spells     [Unskilled]
   divination spells  [Unskilled]
   clerical spells    [Basic]

Voluntary challenges:
 Character rerolling was not enabled.
 You were an atheist.
 You never genocided any monsters.
 You never polymorphed an object.
 You never changed form.
 You used no wishes.
Achievements:
 You attained the rank of Acolyte.
 You entered a shop.
 You entered the Gnomish Mines.

 The Dungeons of Doom: levels 1 to 4
    Level 1:
       A sink.
    Level 2:
       A fountain.
    Level 3: "chest 4 items" <- You were here.
       A general store, many fountains.
       Stairs down to The Gnomish Mines.
       Final resting place for
          you, killed by a hobgoblin.
    Level 4:
       A fountain.
 The Gnomish Mines: levels 4 to 5
    Level 4:
    Level 5:


Vanquished creatures:
  a rock piercer
  a pony
  2 gnome leaders
 an elf zombie
  a kitten
  4 dwarves
  a kobold shaman
  3 rothes
  a giant bat
  3 iguanas
  2 hobbits
  2 large kobolds
  6 giant rats
  a brown mold
 16 gnomes
  4 garter snakes
  2 geckos
  5 jackals
  a fox
  a kobold
  a goblin
  2 sewer rats
  a grid bug
  4 lichens
  2 kobold zombies
  7 newts
75 creatures vanquished.

No species were genocided or became extinct.

Game over:
                       ----------
                      /          \
                     /    REST    \
                    /      IN      \
                   /     PEACE      \
                  /                  \
                  |     Eymerich     |
                  |      283 Au      |
                  |   killed by a    |
                  |    hobgoblin     |
                  |                  |
                  |                  |
                  |       2026       |
                 *|     *  *  *      | *
        _________)/\\_//(\/(/\)/\//\/|_)_______

Goodbye Eymerich the Priest...

You died in The Dungeons of Doom on dungeon level 3 with 1625 points,
and 283 pieces of gold, after 3300 moves.
You were level 5 with a maximum of 36 hit points when you died.

